 Dungeon Crawl Stone Soup version 0.26.1-11-gd32895ea62 (webtiles) character file.

Game seed: 9060818426065724962

24 wafflestompin the Sneak (level 2, 0/13 HPs)
             Began as a Spriggan Enchanter on May 14, 2021.
             Succumbed to an adder's poison
             ... on level 2 of the Dungeon.
             The game lasted 00:09:01 (1324 turns).

wafflestompin the Sneak (Spriggan Enchanter)        Turns: 1324, Time: 00:09:01

Health: 0/13       AC:  3    Str:  4    XL:     2   Next: 79%
Magic:  6/6        EV: 18    Int: 16    God:
Gold:   67         SH:  0    Dex: 16    Spells: 5/6 levels left

rFire    . . .     SeeInvis +   a - +1 dagger
rCold    . . .     Faith    .   (shield restricted)
rNeg     . . .     Spirit   .   m - +1 robe (curse)
rPois    .         Reflect  .   (helmet restricted)
rElec    .         Harm     .   (no cloak)
rCorr    .         Rampage  .   (gloves unavailable)
Will     .....                  (boots unavailable)
Stlth    +++.......             (no amulet)
HPRegen  0.04/turn              (no ring)
MPRegen  0.10/turn              (no ring)

@: lethally poisoned (0 -> -4), very quick
A: very small, unfitting armour, see invisible, speed 3
a: no special abilities


You were on level 2 of the Dungeon.
You visited 1 branch of the dungeon, and saw 2 of its levels.

You collected 67 gold pieces.

Inventory:

Hand Weapons
 a - a +1 dagger (weapon)
 k - a +0 spear
Missiles
 g - 48 stones (quivered)
Armour
 b - a +0 robe
 m - a cursed +1 robe (worn)
Potions
 c - a potion of cancellation {unknown}
 e - a potion of magic {unknown}
 f - a potion of degeneration {unknown}
 h - a potion of invisibility {unknown}


   Skills:
 * Level 0.1 Fighting
 * Level 1.7 Short Blades
 + Level 3.3 Dodging
 * Level 5.0 Stealth
 + Level 2.8 Spellcasting
 * Level 3.9 Hexes


You had 5 spell levels left.
You knew the following spells:

 Your Spells              Type           Power        Failure   Level
a - Corona                Hex            15%          3%          1

Your spell library contained the following spells:

 Spells                   Type           Power        Failure   Level
 Confusing Touch          Hex            14%          11%         3
 Tukima's Dance           Hex            14%          11%         3
 Ensorcelled Hibernation  Hex/Ice        16%          13%         2
 Dazzling Flash           Conj/Hex       16%          26%         3


Dungeon Overview and Level Annotations

Branches:
Dungeon (2/15)

Altars:


Innate Abilities, Weirdness & Mutations

You are very small and have problems with some larger weapons.
You are too small for most types of armour.
You have supernaturally acute eyesight. (SInv)
You cover ground extremely quickly.


Message History

The adder closely misses you. The rat closely misses you.
You continue putting on your glowing robe.
The adder bites you.
Keep equipping yourself?
Uppercase [Y]es or [N]o only, please.
Keep equipping yourself?
The rat closely misses you.
You continue putting on your glowing robe.
The adder bites you. The rat closely misses you.
You continue putting on your glowing robe.
The adder misses you. The rat bites you.
* * * LOW HITPOINT WARNING * * *
The adder bites you.
* * * LOW HITPOINT WARNING * * *
You are lethally poisoned!
The adder poisons you!
You finish putting on your cursed +1 robe.
Oops, that feels deathly cold.
Okay, then.
You die...

#.##..............r
#.#..(......#.#####
.........[.[.#
#.....<...###
##........#
##.....#(#
##Sr..#(####### #
##.#..........
#..#####@#...#######
#........#...#
...>..........#
#########.##..#
.#####..รทรท.####.#
...................
#l#########.######.
..# ###


You could see an adder and a rat.

Vanquished Creatures
  An adder (D:2)
  A giant cockroach (D:1)
  3 goblins (D:1)
  A hobgoblin (D:1)
  A quokka (D:2)
  3 bats (D:1)
  2 frilled lizards (D:1)
  A kobold (D:1)
  2 rats (D:1)
15 creatures vanquished.

Notes
Turn   | Place    | Note
-------+----------+-------------------------------------------
     0 | D:1      | wafflestompin the Spriggan Enchanter began the quest for
                  | the Orb.
     0 | D:1      | Reached XP level 1. HP: 9/9 MP: 5/5
   412 | D:1      | Reached XP level 2. HP: 6/13 MP: 6/6
  1028 | D:2      | Reached skill level 5 in Stealth
  1324 | D:2      | Succumbed to an adder's poison

Illustrated notes

Levels and vault maps discovered:
D:1:      minmay_arrival_four_houses, layout_loops_ring
D:2:      layout_loops_ring, uniq_natasha, uniq_crazy_yiuf_cottage

Skill      XL: |  1  2 |
---------------+-------+-----
Stealth        | 5 |  5.0
Fighting       | |  0.1
Short Blades   | |  1.7
Dodging        | |  3.3
Spellcasting   | |  2.8
Hexes          | |  3.9

Action                   || total
-------------------------++-------
Melee: Dagger            ||    73
Throw: Stone             ||     6
 Cast: Corona            ||     3
  Use: Scroll            ||     4
       Potion            ||     1
 Stab: Sleeping          ||     4
Armor: Robe              ||    10
Dodge: Dodged            ||    90
